AoeStats
← elandres550

Arabia

509620172Analyzed
1v1 RM · 6d ago on Sep 27, 2026· 26m 30s· 2 players
Game mode
Random Map
Map size
Tiny (2 player)
Population
200
Speed
Normal
Resources
Standard
Victory
Conquest
Starting age
Dark Age
Ending age
Imperial Age
RankedLock teamsTeams togetherTeam positionsShared explorationLock speedFull tech treeHidden civsTurbo modeCheats
Victory
Defeat
🇦🇷 Mongols · Argentina
1108
+16
🇹🇼 Varangians · Taiwan
1111
-16
elandres550
3:25 Loom
8:11 Feudal Age
8:47 Double-Bit Axe
9:11 Horse Collar
14:58 Forging
21:01 Castle Age
21:30 Bloodlines
21:07 Light Cavalry
21:55 Husbandry
25:42 Iron Casting
White_Tsai
9:14 Feudal Age
10:14 Double-Bit Axe
12:13 Loom
13:31 Scale Barding Armor
13:36 Forging
13:42 Bloodlines
14:25 Scale Barding Armor
14:31 Forging
15:08 Forging
23:27 Horse Collar
26:04 Castle Age
Connection lost

Rejoining the realm…

Still unreachable

The connection could not be restored.

Session expired

The server has moved on; the page needs a fresh start.